 Dungeon Crawl Stone Soup version 0.26-a0-778-g3fe0686644 (webtiles) character file.

Game seed: 10934572768533704052

147 lunkers the Digger (level 5, -3/31 HPs)
             Began as an Octopode Earth Elementalist on Nov 11, 2020.
             Slain by a gnoll
             ... wielding a +0 halberd
              (13 damage)
             ... on level 3 of the Dungeon.
             The game lasted 00:03:30 (2169 turns).

lunkers the Digger (Octopode Earth Elementalist)    Turns: 2169, Time: 00:03:31

Health: -3/31      AC:  1    Str:  7    XL:     5   Next: 29%
Magic:  3/9        EV: 13    Int: 19    God:
Gold:   187        SH:  4    Dex: 12    Spells: 9/10 levels left

rFire    . . .     SeeInvis .   (no weapon)
rCold    . . .     Faith    .   g - +0 buckler
rNeg     . . .     Spirit   .   (helmet restricted)
rPois    .         Reflect  .   (no amulet)
rElec    .         Harm     .   (no ring)
rCorr    .         Rampage  .   (no ring)
MR       .....                  (no ring)
Stlth    +++.......             (no ring)
HPRegen  0.10/turn              (no ring)
MPRegen  0.11/turn              (no ring)
                                (no ring)
                                (no ring)

@: no status effects
A: almost no armour, stealthy swim, amphibious, 8 rings, constrict 8, camouflage
1, gelatinous body 1
a: no special abilities


You were on level 3 of the Dungeon.
You visited 1 branch of the dungeon, and saw 3 of its levels.

You collected 187 gold pieces.

Inventory:

Missiles
 b - 104 stones (quivered)
Armour
 g - a +0 buckler (worn)
Scrolls
 a - a scroll of magic mapping {unknown}
 c - a scroll of teleportation {unknown}
 d - a scroll of fog {unknown}
 e - 4 scrolls of identify {unknown}
 f - a scroll of noise {unknown}
 h - 2 scrolls of enchant weapon {unknown}
 k - 5 scrolls of remove curse {unknown}
 m - a scroll of fear {unknown}
 p - a scroll of amnesia {unknown}
Potions
 i - 2 potions of degeneration {unknown}
 j - 2 potions of curing {unknown}
 l - a potion of berserk rage {unknown}
 n - a potion of invisibility {unknown}
 o - a potion of haste {unknown}


   Skills:
 - Level 2.0 Dodging
 - Level 2.6 Stealth
 + Level 1.8 Shields
 + Level 3.0 Spellcasting
   Level 1.0 Transmutations
 * Level 4.7 Earth Magic


You had 9 spell levels left.
You knew the following spells:

 Your Spells              Type           Power        Failure   Level
a - Sandblast             Erth           ###...       3%          1

Your spell library contained the following spells:

 Spells                   Type           Power        Failure   Level
 Passwall                 Tmut/Erth      ##......     10%         2
 Stone Arrow              Conj/Erth      ##....       22%         3
 Petrify                  Tmut/Erth      ##......     52%         4
 Lee's Rapid Deconstruct  Erth           ###.......   63%         5


Dungeon Overview and Level Annotations

Branches:
Dungeon (3/15)

Altars:
Ashenzari
Hepliaklqana
Nemelex Xobeh


Innate Abilities, Weirdness & Mutations

You cannot wear most types of armour.
You are very stealthy in the water. (Stealth+)
You are amphibious.
You can wear up to eight rings at the same time.
You can use your tentacles to constrict eight enemies at once.
Your skin changes colour to match your surroundings (Stealth+).
Your rubbery body absorbs attacks. (AC +1, EV +1)


Message History

* * * LOW HITPOINT WARNING * * *
Casting: Sandblast (safe; 3% risk of failure)
Confirm with . or Enter, or press ? or * to list all spells.
Aiming: Sandblast (safe; 3% risk of failure)
Press: ? - help, Shift-Dir - straight line, f/p - gnoll
Aim: a gnoll, wielding a +0 halberd The blast of sand misses the gnoll.
b - 105 stones The gnoll hits you from afar with a +0 halberd!
* * * LOW HITPOINT WARNING * * *
Casting: Sandblast (safe; 3% risk of failure)
Confirm with . or Enter, or press ? or * to list all spells.
Aiming: Sandblast (safe; 3% risk of failure)
Press: ? - help, Shift-Dir - straight line, f/p - gnoll
Aim: a gnoll, wielding a +0 halberd The blast of sand hits the gnoll.
The gnoll is lightly wounded.
b - 104 stones The gnoll hits you from afar with a +0 halberd!
You die...

#.......##.......
#.......##..###..
#.......###......
#.......+........
#.......#..>.....
########.#........ #
#.................
#.###............#####
#.)g.@.........#......
#.)##..........#......
#...
#..........#......
#...
#..........#......
#...
#..........#......
#...
#..........#......
#...
############.#'###
##..


You could see a gnoll.

Vanquished Creatures
  A howler monkey (D:3)
  3 gnolls
  2 adders (D:2)
  An ooze (D:2)
  A worm (D:2)
  3 dart slugs (D:2)
  A leopard gecko (D:2)
  An orc (D:3)
  7 bats
  8 goblins
  3 hobgoblins
  3 jackals (D:1)
  9 kobolds
  A frilled lizard (D:1)
  7 rats
51 creatures vanquished.

Notes
Turn   | Place    | Note
-------+----------+-------------------------------------------
     0 | D:1      | lunkers the Octopode Earth Elementalist began the quest for
                  | the Orb.
     0 | D:1      | Reached XP level 1. HP: 11/11 MP: 3/3
   174 | D:1      | Reached XP level 2. HP: 17/17 MP: 3/5
   405 | D:1      | Reached XP level 3. HP: 21/21 MP: 2/6
  1168 | D:2      | Reached skill level 4 in Earth Magic
  1202 | D:2      | Reached skill level 1 in Shields
  1202 | D:2      | Reached XP level 4. HP: 27/27 MP: 3/7
  1274 | D:2      | Found a hazy altar of Hepliaklqana.
  1275 | D:2      | Found a broken altar of Ashenzari.
  1836 | D:2      | Found a sparkling altar of Nemelex Xobeh.
  2033 | D:3      | Reached XP level 5. HP: 31/31 MP: 4/9
  2169 | D:3      | Slain by a gnoll

Illustrated notes

Levels and vault maps discovered:
D:1:      ncdulo_watergridlock, layout_loops_corners
D:2:      layout_loops_cross, marbit_many_paths,
          gammafunk_temple_overflow_pools, minmay_misc_feat_columns,
          minmay_curled_crystal
D:3:      layout_basic, minivault_27, uniq_terence, uniq_grinder

Skill      XL: |  1  2  3  4  5 |
---------------+----------------+-----
Earth Magic    | 4 |  4.7
Shields        | 1 |  1.8
Spellcasting   | 3 |  3.0
Dodging        | |  2.0
Stealth        | |  2.6
Transmutations | |  1.0

Action                   |  1- 3 |  4- 6 || total
-------------------------+-------+-------++-------
Melee: Unarmed           |     7 |       ||     7
       Constrict         |     1 |       ||     1
       Tentacles         |     1 |       ||     1
Throw: Stone             |     1 |       ||     1
 Cast: Sandblast         |    34 |    33 ||    67
Armor: Skin              |     3 |       ||     3
Dodge: Dodged            |     6 |       ||     6
Block: Buckler           |       |     1 ||     1

Table legend: (Time is in decaauts)
 A = Elapsed time spent in this place.
 B = Non-inter-level travel time spent in this place.
 C = Inter-level travel time spent in this place.
 D = Time resting spent in this place.
 E = Time spent auto-exploring this place.
 F = Levels seen in this place.
 G = Mean time per level.
                   A        B        C        D        E       F      G
               +--------+--------+--------+--------+--------+-----+--------+
         Total |   2168 |   2105 |     63 |      0 |   1820 |   3 |  722.7 |
       Dungeon |   2168 |   2105 |     63 |      0 |   1820 |   3 |  722.7 |
               +--------+--------+--------+--------+--------+-----+--------+

Top non-repeatable levels by time:
     D:1: 1146 daAuts
     D:2: 879 daAuts
     D:3: 142 daAuts
